Map: Chantier naval orbital

Players

Worming

  • Race: Zerg Zerg
  • League: Diamond

Overdron - Winner!

  • Race: Zerg Zerg
  • League: Platinum

VOD

Have the link to the VOD?

Description

Time

  • Played on: Nov. 15, 2015, 7:32 a.m.
  • Length: 5:29
Show
View Real Time Build Order
Export as new Build Order

Worming Zerg 

Build Orders: Hatch First, Zergling Baneling 

Get SALT Encoding   

  12  0:01  Drone  
  13  0:12  Overlord  
  13  0:18  Drone  
  14  0:31  Drone x2  
  14  0:34  Drone  
  17  0:51  Hatchery  
  17  0:55  Drone  
  17  1:03  Drone, Extractor  
  17  1:17  Spawning Pool  
  17  1:18  Drone  
  17  1:20  Drone  
  18  1:28  Drone  
  19  1:39  Drone  
  20  1:50  Overlord  
  20  2:03  Queen x2  
  20  2:04  Zergling x4  
  20  2:08  Metabolic Boost  
  26  2:13  Drone  
  27  2:16  Drone  
  27  2:21  Drone  
  29  2:26  Drone  
  30  2:31  Baneling Nest  
  30  2:32  Drone  
  30  2:48  Spine Crawler  
  29  2:53  Drone  
  29  2:55  Overlord  
  29  2:56  Zergling x2  
  29  2:57  Zergling x2  
  32  3:04  Overlord  
  32  3:10  Zergling x2  
  33  3:13  Zergling x2  
  33  3:14  Zergling x4  
  31  3:37  Baneling x3  
  31  3:42  Spine Crawler  
  31  3:43  Baneling x2  
  29  3:51  Queen  
  29  4:01  Zergling x20  
  31  4:21  Baneling  
  21  4:32  Baneling x2  
  18  4:44  Zergling x8  
  17  4:56  Zergling x10  
  24  5:01  Zergling x2  
  24  5:11  Baneling  
Show
View Real Time Build Order
Export as new Build Order

Overdron Zerg - Winner!

Build Orders: Hatch First, Zergling Baneling 

Get SALT Encoding   

  12  0:01  Drone  
  13  0:12  Overlord  
  13  0:20  Drone  
  14  0:31  Drone x2  
  14  0:34  Drone  
  17  0:47  Drone  
  18  0:57  Hatchery  
  17  0:59  Drone  
  17  1:04  Extractor  
  17  1:07  Drone  
  18  1:18  Spawning Pool  
  18  1:20  Drone  
  18  1:30  Drone  
  19  1:46  Overlord  
  19  2:05  Queen, Metabolic Boost  
  19  2:08  Queen  
  21  2:11  Zergling x8  
  27  2:20  Zergling x2  
  28  2:26  Baneling Nest  
  28  2:28  Zergling x2  
  28  2:32  Zergling x2  
  28  2:35  Zergling x2  
  30  2:42  Zergling x2  
  31  2:47  Overlord  
  31  2:52  Zergling x2  
  31  2:56  Zergling x2  
  33  3:09  Baneling  
  33  3:10  Baneling x2  
  33  3:14  Zergling x2  
  33  3:15  Zergling x10  
  35  3:35  Zergling x10  
  35  3:39  Baneling x2  
  35  3:40  Baneling  
  39  3:51  Zergling x10  
  41  4:11  Zergling x4  
  39  4:26  Zergling x4  
  39  4:27  Zergling x6  
  38  4:46  Zergling x10  
  38  4:50  Zergling x6  
  41  4:58  Baneling x4  
  38  5:12  Baneling x2  
  38  5:13  Baneling  
Tags
 
Add a new tag
Caveats
  • Supply blocks, unpowered buildings, or Contaminate may cause inaccurate times.
  • Supply counts are checked every 10 seconds.